 Dungeon Crawl Stone Soup version 0.31-a0-271-gb88eb75e06 (webtiles) character file.

Game seed: 7880294378582400378

34717 Newt the Impaler (level 13, -7/111 HPs)
             Began as a Demonspawn Gladiator on July 15, 2023.
             Was a High Priest of Makhleb.
             Mangled by a black mamba (10 damage)
             ... on level 3 of the Lair of Beasts.
             The game lasted 00:29:02 (19132 turns).

Newt the Impaler (Demonspawn Gladiator)            Turns: 19132, Time: 00:29:02

Health: -7/111     AC: 12    Str: 16    XL:     13   Next: 43%
Magic:  20/22      EV: 14    Int:  9    God:    Makhleb [*****.]
Gold:   1102       SH:  5    Dex: 15    Spells: 20/24 levels left

rFire   + + +        X - +2 bardiche (freeze)
rCold   + + .        (shield currently unavailable)
rNeg    . . .        k - +3 leather armour {rF+}
rPois   .            (helmet restricted)
rElec   .            i - scarf {rC+ rF+}
rCorr   .            (no gloves)
SInv    +            z - +2 pair of boots
Will    .....        U - amulet "Timoib" {Reflect rF+ rC+ Str-4 SH+5}
Stlth   ++           s - ring of protection from fire
HPRegen 0.38/turn    B - ring of see invisible
MPRegen 0.18/turn

%: reflection
@: lethally poisoned (-7 -> -24), studying 2 skills
A: yellow scales 2, demonic guardian 2, demonic magic 1, weakness stinger 2,
antennae 1, fire resistance 1, robust 1
a: Renounce Religion, Minor Destruction, Lesser Servant of Makhleb, Major
Destruction, Greater Servant of Makhleb


You were on level 3 of the Lair of Beasts.
You worshipped Makhleb.
Makhleb was extremely pleased with you.
You visited 3 branches of the dungeon, and saw 15 of its levels.
You also visited: Ossuary, Bailey, Ice Cave and Volcano.

You collected 1102 gold pieces.

Inventory:

Hand Weapons
 a - a +0 rapier
 e - a +2 short sword of venom
 u - a +2 scythe of venom
 I - a +4 halberd of freezing
 X - a +2 bardiche of freezing (weapon)
Missiles
 d - 3 throwing nets
Armour
 i - a scarf of resistance (worn)
 k - a +3 leather armour of fire resistance (worn)
 z - a +2 pair of boots (worn)
 L - a +0 cloak
 W - +0 ice dragon scales
Jewellery
 f - an amulet of guardian spirit
 m - a ring of magical power
 s - a ring of protection from fire (left hand)
 w - a +6 ring of intelligence
 B - a ring of see invisible (right hand)
 J - a ring of poison resistance
 O - a ring of resist corrosion
 P - an amulet of regeneration
 S - a ring of ice
 T - a ring of protection from cold
 U - the amulet "Timoib" (around neck) {Reflect rF+ rC+ Str-4 SH+5}
   (You acquired it on level 11 of the Dungeon)

   [amulet of reflection]

   It reflects blocked missile attacks.
   Str:       It affects your strength (-4).
   rF:        It protects you from fire.
   rC:        It protects you from cold.
   SH:        It affects your SH (+5).
Wands
 c - a wand of roots (2)
 j - a wand of acid (18)
 n - a wand of digging (7)
 v - a wand of flame (27)
 D - a wand of charming (23)
Scrolls
 b - a scroll of blinking
 o - 5 scrolls of amnesia
 q - 6 scrolls of fear
 r - 3 scrolls of butterflies
 y - 4 scrolls of revelation
 C - 3 scrolls of enchant armour
 E - 3 scrolls of poison
 G - a scroll of fog
 K - 2 scrolls of teleportation
 N - a scroll of immolation
Potions
 g - 2 potions of heal wounds
 h - 2 potions of haste
 l - 9 potions of curing
 p - 3 potions of magic
 x - 2 potions of ambrosia
 A - 2 potions of enlightenment
 H - 4 potions of might
 M - a potion of lignification
 Q - 4 potions of invisibility {unknown}
 R - 2 potions of resistance
Miscellaneous
 V - a phial of floods
 Y - a phantom mirror


   Skills:
 - Level 9.0 Fighting
 - Level 4.0 Short Blades
 - Level 16.0 Polearms
 - Level 1.7 Throwing
 - Level 3.0 Armour
 - Level 6.0 Dodging
 - Level 2.0 Stealth
 + Level 6.2 Spellcasting
 + Level 6.8 Summonings
 * Level 5.7 Ice Magic
 - Level 9.0 Invocations
 - Level 4.0 Evocations


You had 20 spell levels left.
You knew the following spells:

 Your Spells              Type           Power      Damage    Failure   Level
a - Summon Ice Beast      Ice/Summ       14%        N/A       19%         4

Your spell library contained the following spells:

 Spells                   Type           Power      Damage    Failure   Level
 Summon Small Mammal      Summ           60%        N/A       1%          1
 Magic Dart               Conj           8%         1d3       26%         1
 Cigotuvi's Dreadful Rot  Necr/Pois/Air  4%         N/A       36%         2
 Scorch                   Fire           4%         2d5       36%         2
 Searing Ray              Conj           4%         2d4       36%         2
 Static Discharge         Conj/Air       4%         2-3/arc   36%         2
 Summon Lightning Spire   Summ/Air       9%         N/A       52%         4
 Dazzling Flash           Conj/Hex       4%         N/A       61%         3
 Ignite Poison            Fire/Tmut/Pois 2%         N/A       61%         3
 Tukima's Dance           Hex            2%         N/A       61%         3
 Volatile Blastmotes      Fire/Tloc      4%         2d10      61%         3
 Summon Mana Viper        Hex/Summ       9%         N/A       86%         5
 Summon Cactus Giant      Summ           7%         N/A       93%         6
 Airstrike                Air            1%         2d(1-17)  95%         4
 Flame Wave               Conj/Fire      2%         2d4       95%         4
 Fulminant Prism          Conj/Hex       1%         3d5       95%         4
 Iskenderun's Mystic Bla  Conj/Tloc      2%         2d3       95%         4
 Passage of Golubria      Tloc           2%         N/A       95%         4
 Freezing Cloud           Conj/Ice/Air   3%         6-21      97%         5
 Yara's Violent Unravell  Hex/Tmut       1%         3d3       100%        5
 Lehudib's Crystal Spear  Conj/Erth      1%         10d2      100%        8
 Summon Horrible Things   Summ           7%         N/A       100%        8
 Chain Lightning          Conj/Air       1%         3d1       100%        9


Dungeon Overview and Level Annotations

Branches:
Dungeon (11/15)            Temple (1/1) D:4            Lair (3/5) D:11
  Swamp (0/4) Lair:3          Orc (0/2) D:10        Ossuary (visited)
 Bailey (visited)           IceCv (visited)         Volcano (visited)
  Snake: Lair:2-3    Spider: Lair:2-3

Altars:
Ashenzari
Cheibriados
Dithmenos
Fedhas
Gozag
Hepliaklqana
Kikubaaqudgha
Makhleb
Nemelex Xobeh
Okawaru
Qazlal
Ru
Sif Muna
Trog
Uskayaw
Vehumet
Wu Jian
Xom

Shops:
D:4 (

Annotations:
D:10 2 transporters, spiderkeys's ghost, novice DsGl


Innate Abilities, Weirdness & Mutations

You are mostly covered in yellow scales. (AC +3)
A demonic guardian rushes to your aid.
Spells you cast may paralyse adjacent enemies.
You have a tail ending in a sharp stinger.
You have a pair of small antennae on your head.
Your flesh is heat resistant. (rF+)
You are robust. (+10% HP)


Message History

Your ice beast dies!
Your ice beast disappears in a puff of smoke!
The black mamba bites you. The black mamba bites you!
You are too injured to fight recklessly!
Unknown command.
You slash the black mamba! You freeze the black mamba.
The black mamba is heavily wounded.
You feel very sick.
The black mamba bites you but does no damage.
The black mamba closely misses you.
The black mamba bites you but does no damage.
The water moccasin closely misses you. The black mamba completely misses you.
You feel sick.
The black mamba is no longer moving slowly.
The black mamba bites you but does no damage. x2
The black mamba barely misses you.
Unknown command.
The black mamba attacks as you move away!
The black mamba bites you!
You feel sick. The black mamba bites you.
You feel sick. The black mamba completely misses you.
The black mamba bites you!
* * * LOW HITPOINT WARNING * * *
You are more poisoned.
The black mamba poisons you!
The black mamba bites you but does no damage.
You feel very sick. The black mamba bites you.
* * * LOW HITPOINT WARNING * * *
A demonic guardian appears!
You are lethally poisoned!
The black mamba poisons you!
* * * LOW HITPOINT WARNING * * *
You feel extremely sick.
The black mamba bites you but does no damage.
You block the black mamba's attack.
Your orange demon stings the black mamba from afar.
* * * LOW HITPOINT WARNING * * *
You feel very sick.
You block the black mamba's attack. x2; The black mamba bites you!
You die...

#..## ..#. ...## ...#
#..P## .... ....# ##..
#..## ##..P ####...## .
#..P###.#.....### .
#..P#S....)....... .
#..@SSS........... . .
##P#S..4####..#(..
....#.#### #####....#
##....
......##..###.#..#...P#
#...
.....................P#
...
.....................##
..
....#.......#P###..#..#
...........P### .###.##
#..P.......## ## #.#


You could see 3 black mambas, 2 water moccasins and a friendly orange demon
(summoned).

Vanquished Creatures
  An orc warlord (Bailey)
  A reaper (IceCv)
  Harold (D:10)
  A two-headed ogre (D:10)
  Lodul (D:9)
  An orc knight (Bailey)
  2 cyclopes (D:11)
  A manticore (D:11)
  An ugly thing (D:11)
  A toenail golem (Volcano)
  3 elephants (Lair:2)
  2 black mambas
  A gargoyle (D:11)
  5 cane toads
  An unseen horror (D:10)
  3 kobold demonologists
  A rime drake (Lair:2)
  5 komodo dragons
  2 efreet (Volcano)
  4 ice devils (IceCv)
  4 trolls
  A polar bear (Lair:2)
  5 blink frogs (Lair:2)
  3 shadows (D:11)
  Sigmund (D:5)
  2 wyverns
  A dire elephant simulacrum (IceCv)
  29 yaks
  A basilisk (Lair:2)
  3 fire elementals (Volcano)
  A vampire (D:10)
  2 wraiths
  Eustachio (D:5)
  A steam dragon (D:7)
  A vampire mosquito (D:11)
  Menkaure (D:7)
  A harpy simulacrum (IceCv)
  An acid dragon (D:10)
  9 water moccasins
  Edmund (D:5)
  A floating eye (D:10)
  5 orc warriors
  3 black bears
  9 ogres
  15 wolves
  3 phantoms
  5 centaurs
  8 bullfrogs
  5 kobold brigands
  5 earth elementals (Volcano)
  2 two-headed ogre simulacra (IceCv)
  A scorpion (D:6)
  2 cane toad simulacra (IceCv)
  5 wights
  2 elephant simulacra (IceCv)
  17 killer bees
  A howler monkey (D:10)
  2 gnoll boudas
  2 jellies
  6 orc priests
  5 hounds
  3 sleepcaps (D:5)
  3 iguanas
  13 orc wizards
  5 spriggan simulacra (IceCv)
  3 troll simulacra (IceCv)
  A wolf simulacrum (IceCv)
  3 mummies (Ossuary)
  13 gnolls
  5 adders
  A shadow imp (D:5)
  2 white imps (IceCv)
  4 ufetubi
  2 worms
  4 dart slugs
  37 orcs
  3 ball pythons (D:1)
  5 endoplasms
  3 giant cockroaches
  9 goblins
  12 hobgoblins
  40 kobolds
  3 quokkas
  3 bats
  3 frilled lizards
  3 goblin zombies (Ossuary)
  4 hobgoblin zombies (Ossuary)
  2 kobold zombies (Ossuary)
  20 rats
  A spectral hobgoblin (D:7)
  5 fire vortices (Volcano)
426 creatures vanquished.

Vanquished Creatures (collateral kills)
  3 two-headed ogres
  2 lindwurms (Volcano)
  An anaconda simulacrum (IceCv)
  An ice devil (IceCv)
  A troll (D:11)
  A shadow (D:11)
  3 yaks
  2 bullfrogs
  A killer bee (D:8)
  2 gnolls (D:3)
  A worm (D:2)
  4 orcs
22 creatures vanquished.

Vanquished Creatures (others)
  A gnoll (Bailey)
1 creature vanquished.

Grand Total: 449 creatures vanquished

Notes
Turn   | Place    | Note
-------+----------+-------------------------------------------
     0 | D:1      | Newt the Demonspawn Gladiator began the quest for the Orb.
     0 | D:1      | Reached XP level 1. HP: 16/16 MP: 1/1
   182 | D:1      | Got the Codex of the Barrage
   222 | D:1      | You fall into a shaft and drop 1 floor!
   226 | D:2      | Found a faded altar of an unknown god.
   543 | D:1      | Gained mutation: A weak demonic guardian rushes to your
                  | aid. [demonic ancestry]
   543 | D:1      | Reached XP level 2. HP: 17/23 MP: 2/2
  1375 | D:2      | Gained mutation: Spells you cast may paralyse adjacent
                  | enemies. [demonic ancestry]
  1375 | D:2      | Reached XP level 3. HP: 24/30 MP: 3/3
  2273 | D:3      | Reached skill level 1 in Stealth
  2425 | D:3      | Reached XP level 4. HP: 17/37 MP: 4/4
  3159 | D:3      | Gained mutation: You have a small tail. [demonic ancestry]
  3159 | D:3      | Reached XP level 5. HP: 9/42 MP: 5/5
  4259 | D:4      | Found a staircase to the Ecumenical Temple.
  4281 | Temple   | Entered the Ecumenical Temple
  4430 | Temple   | Became a worshipper of Makhleb the Destroyer
  4534 | D:4      | Found Lynelahi's Antique Weapon Emporium.
  4554 | D:4      | Gained mutation: You are partially covered in yellow
                  | scales. (AC +2) [demonic ancestry]
  4554 | D:4      | Reached XP level 6. HP: 32/48 MP: 3/6
  4576 | D:5      | Entered Level 5 of the Dungeon
  4793 | D:5      | Reached skill level 5 in Fighting
  4794 | D:5      | Noticed Sigmund
  4802 | D:5      | Killed Sigmund
  4803 | D:5      | Gained mutation: A demonic guardian rushes to your aid.
                  | [demonic ancestry]
  4803 | D:5      | Reached XP level 7. HP: 35/58 MP: 5/7
  4976 | D:5      | Reached skill level 1 in Armour
  4976 | D:5      | Found a broken altar of Ashenzari.
  5129 | D:5      | Found a sand-covered staircase.
  5130 | D:5      | Noticed Eustachio
  5136 | Ossuary  | Entered an ossuary
  5136 | Ossuary  | Noticed a wraith
  5136 | Ossuary  | Noticed a wraith
  5136 | Ossuary  | Noticed a wraith
  5335 | Ossuary  | Noticed a wraith
  5362 | Ossuary  | Killed a wraith
  5363 | Ossuary  | Reached skill level 1 in Polearms
  5803 | Ossuary  | Gained mutation: You passively dampen the noise of your
                  | surroundings. [potion of mutation]
  5803 | Ossuary  | Gained mutation: Your body sometimes deteriorates upon
                  | taking damage. [potion of mutation]
  5803 | Ossuary  | Gained mutation: You have sharp fingernails. [potion of
                  | mutation]
  5804 | Ossuary  | Lost mutation: Your body sometimes deteriorates upon taking
                  | damage. [potion of mutation]
  5804 | Ossuary  | Lost mutation: You passively dampen the noise of your
                  | surroundings. [potion of mutation]
  5804 | Ossuary  | Lost mutation: You have sharp fingernails. [potion of
                  | mutation]
  5804 | Ossuary  | Gained mutation: You sometimes lose your temper in combat.
                  | [potion of mutation]
  5805 | Ossuary  | Lost mutation: You sometimes lose your temper in combat.
                  | [potion of mutation]
  5805 | Ossuary  | Gained mutation: Your flesh is heat resistant. (rF+)
                  | [potion of mutation]
  5805 | Ossuary  | Gained mutation: You have hidden genetic potential. [potion
                  | of mutation]
  5866 | D:5      | Killed Eustachio
  5867 | D:5      | Reached skill level 3 in Polearms
  5867 | D:5      | Gained mutation: You have a tail ending in a sharp stinger.
                  | [demonic ancestry]
  5867 | D:5      | Reached XP level 8. HP: 51/64 MP: 6/8
  6008 | D:5      | Noticed Edmund
  6018 | D:5      | Killed Edmund
  6019 | D:5      | Reached skill level 4 in Polearms
  6047 | D:5      | Reached * piety under Makhleb
  6135 | D:5      | Reached skill level 5 in Polearms
  6609 | D:6      | Gained mutation: You have a pair of small antennae on your
                  | head. [hidden potential]
  6727 | D:6      | Reached skill level 6 in Polearms
  6739 | D:6      | Reached skill level 1 in Evocations
  6864 | D:6      | Identified the +1 whip of Impatience {pain, Contam +Blink
                  | rC- Stlth+}
  6879 | D:6      | Noticed a two-headed ogre
  6888 | D:6      | Killed a two-headed ogre
  6889 | D:6      | Reached XP level 9. HP: 33/69 MP: 4/9
  7154 | D:6      | Reached skill level 7 in Polearms
  7365 | D:6      | Gained mutation: You are robust. (+10% HP) [hidden
                  | potential]
  7365 | D:6      | Lost mutation: You have hidden genetic potential. [hidden
                  | potential expressed]
  7636 | D:7      | Reached skill level 8 in Polearms
  7801 | D:7      | Reached ** piety under Makhleb
  7986 | D:7      | Reached skill level 9 in Polearms
  7995 | D:7      | Found a bloodstained altar of Trog.
  8230 | D:7      | Noticed Menkaure
  8236 | D:7      | Killed Menkaure
  8576 | D:7      | Found a hazy altar of Hepliaklqana.
  8661 | D:7      | Reached skill level 10 in Polearms
  8661 | D:7      | Gained mutation: You are mostly covered in yellow scales.
                  | (AC +3) [demonic ancestry]
  8661 | D:7      | Reached XP level 10. HP: 27/83 MP: 4/10
  8671 | D:7      | Reached skill level 5 in Dodging
  9009 | D:8      | Found a flagged portal.
  9018 | Bailey   | Entered a bailey
  9053 | Bailey   | Noticed an orc warlord
  9115 | Bailey   | Noticed an orc knight
  9128 | Bailey   | Killed an orc knight
  9304 | Bailey   | Found a runed translucent gate.
  9307 | Bailey   | Found a runed translucent gate.
  9308 | Bailey   | Found a runed translucent gate.
  9453 | Bailey   | Killed an orc warlord
  9661 | Bailey   | Acquired a manual of Polearms
 10013 | D:8      | Reached *** piety under Makhleb
 10878 | D:9      | Reached skill level 11 in Polearms
 10959 | D:9      | Reached XP level 11. HP: 74/96 MP: 7/11
 11115 | D:9      | Reached **** piety under Makhleb
 11116 | D:9      | Reached skill level 12 in Polearms
 11404 | D:9      | Found a shimmering blue altar of Sif Muna.
 11628 | D:10     | Entered Level 10 of the Dungeon
 11628 | D:10     | Noticed a two-headed ogre
 11640 | D:9      | Killed a two-headed ogre
 11660 | D:9      | Reached skill level 13 in Polearms
 11961 | D:10     | Noticed a two-headed ogre
 11965 | D:10     | Killed a two-headed ogre
 12160 | D:10     | Reached skill level 14 in Polearms
 12163 | D:10     | Noticed a sun demon
 12199 | D:10     | Found a staircase to the Orcish Mines.
 12380 | D:10     | Reached skill level 15 in Polearms
 12398 | D:10     | Noticed a two-headed ogre
 12405 | D:10     | Killed a two-headed ogre
 12695 | D:10     | Reached skill level 16 in Polearms
 12736 | D:10     | Reached skill level 1 in Invocations
 12759 | D:10     | Noticed Lodul
 12942 | D:9      | Killed Lodul
 12943 | D:9      | Reached skill level 5 in Invocations
 12950 | D:10     | Reached XP level 12. HP: 103/104 MP: 15/15
 13041 | D:10     | Noticed Harold
 13050 | D:10     | Killed Harold
 13096 | D:10     | Found a transporter.
 13096 | D:10     | Noticed a two-headed ogre
 13096 | D:10     | Noticed a two-headed ogre
 13096 | D:10     | Noticed spiderkeys's ghost (novice DsGl)
 13096 | D:10     | Noticed a two-headed ogre
 13097 | D:10     | Found a transporter.
 13097 | D:10     | Noticed a two-headed ogre
 13460 | D:11     | Got Joazess's Tome of Phantasms
 13608 | D:11     | Reached skill level 1 in Summonings
 13612 | D:11     | Reached skill level 1 in Spellcasting
 13744 | D:11     | Acquired the amulet "Timoib" {Reflect rF+ rC+ Str-4 SH+5}
 13756 | D:11     | Acquired a manual of Stealth
 13845 | D:11     | Found a staircase to the Lair.
 13851 | D:11     | Learned a level 4 spell: Summon Ice Beast
 14096 | Lair:1   | Entered Level 1 of the Lair of Beasts
 14212 | Lair:1   | Found a frozen archway.
 14223 | IceCv    | Entered an ice cave
 14711 | IceCv    | Reached ***** piety under Makhleb
 15377 | IceCv    | Noticed a reaper
 15390 | IceCv    | Killed a reaper
 15876 | Lair:1   | Reached skill level 5 in Summonings
 16192 | Lair:1   | Reached skill level 1 in Ice Magic
 16476 | Lair:1   | Reached skill level 5 in Spellcasting
 16982 | Lair:2   | Reached XP level 13. HP: 25/111 MP: 20/20
 17046 | Lair:2   | Found a dark tunnel.
 17053 | Volcano  | Entered a volcano
 18087 | Lair:2   | Reached skill level 5 in Ice Magic
 19040 | Lair:3   | Found a staircase to the Swamp.
 19132 | Lair:3   | HP: 3/111 [poisoned by a black mamba]
 19132 | Lair:3   | Mangled by a black mamba

Illustrated notes

Levels and vault maps discovered:
D:1:      minmay_arrival_semitransparent, layout_basic, serial_forest,
          infiniplex_forest_clump_C, infiniplex_forest_end_double,
          infiniplex_forest_clump_small, infiniplex_forest_lined_4_way,
          infiniplex_forest_lined_room_2, infiniplex_forest_clump_tiny,
          infiniplex_forest_end_2, infiniplex_forest_clump_small
D:2:      layout_loops_ring, nicolae_ecumenical_lake_church,
          serial_park_tiny_pond
D:3:      layout_basic, minmay_rat_hole
D:4:      layout_basic, lemuel_doored_altar,
          mainiacjoe_overflow_six_doors_small,
          minmay_temple_entry_drinking_statues, hangedman_abyss_or_decor_slice,
          nicolae_stop_n_shop_2, kennysheep_generic_room_10,
          uniq_crazy_yiuf_cottage
D:5:      layout_loops_ring, cheibrodos_ashenzari_chains, enter_ossuary_1,
          minmay_misc_feat_ornament, nicolae_zen_rock_garden, fountainhead,
          kennysheep_nondescript, hellmonk_no_cap, uniq_sigmund, uniq_eustachio,
          uniq_edmund
D:6:      layout_loops_cross
D:7:      layout_basic, nicolae_hepliaklqana_monster_ancestors,
          marbit_many_paths, uniq_menkaure
D:8:      layout_basic, enter_bailey_2, mrwooster_statue_mirror
D:9:      layout_cave_pools, mainiacjoe_overflow_brackets, serial_park,
          serial_park_gazebo [serial_park_minivault_5x5_1], serial_park_avenue1
D:10:     layout_rooms, david_orc_2, gammafunk_ghost_smash, serial_aquarium,
          aquarium_bridge_island_small [aquarium_subvault_small_water,
          aquarium_subvault_bridge, aquarium_subvault_wall,
          aquarium_subvault_bridge, aquarium_subvault_wall],
          aquarium_window_fake, aquarium_window_2, aquarium_view_2f,
          aquarium_pool_five, onia_ninara_cookie, uniq_lodul, uniq_harold
D:11:     layout_roguey, david_lair_shrubbed, minmay_diced_spiral
Temple:   regret_index_temple_sphere_string
Lair:1:   layout_cellular_growth, portal_ice_cave_entry_pillars_2
Lair:2:   layout_gridlike, nicolae_volcano_entry_hallway
Lair:3:   layout_chaotic_city, swamp_mist_pool,
          minmay_snake_entry_six_corridors, kennysheep_rathole

Skill      XL: |  1  2  3  4  5  6  7  8  9 10 11 12 13 |
---------------+----------------------------------------+-----
Fighting       | 3 4 6 9 |  9.0
Stealth        | 1 2 |  2.0
Short Blades   | 3 4 |  4.0
Dodging        | 3 4 6 |  6.0
Armour         | 3 |  3.0
Polearms       | 3 6 10 11 16 | 16.0
Evocations     | 4 |  4.0
Invocations    | 5 9 |  9.0
Summonings     | 5 6 |  6.8
Spellcasting   | 5 6 |  6.2
Ice Magic      | 3 5 |  5.7
Throwing       | |  1.7

Action                     |  1- 3 |  4- 6 |  7- 9 | 10-12 | 13-15 || total
---------------------------+-------+-------+-------+-------+-------++-------
  Melee: Rapier            |   139 |    41 |       |       |       ||   180
         Punch             |     1 |     1 |     1 |       |       ||     3
         Short sword       |       |   121 |   121 |       |       ||   242
         Tailslap          |       |    17 |    39 |   128 |    30 ||   214
         Halberd           |       |       |   180 |   814 |       ||   994
         Bardiche          |       |       |       |    54 |   182 ||   236
  Throw: Javelin           |     1 |     2 |       |       |       ||     3
         Dart              |       |     2 |       |       |       ||     2
         Throwing net      |       |     1 |     1 |     3 |       ||     5
   Cast: Summon Ice Beast  |       |       |       |       |     1 ||     1
 Invoke: Lesser Servant of |       |       |       |     1 |       ||     1
         Major Destruction |       |       |       |     1 |       ||     1
  Evoke: Wand              |       |       |     4 |     5 |       ||     9
    Use: Scroll            |     6 |     2 |     9 |    10 |     4 ||    31
         Potion            |     1 |       |     5 |     3 |       ||     9
   Stab: Sleeping          |     2 |     6 |     7 |     5 |     1 ||    21
         Distracted        |       |       |       |     3 |     1 ||     4
 Armour: Leather armour    |    37 |    35 |    77 |   230 |    17 ||   396
         Ice dragon scales |       |       |       |    82 |    41 ||   123
  Dodge: Dodged            |    67 |    85 |   160 |   496 |    83 ||   891
  Block: Other             |       |       |       |    77 |    26 ||   103
         Reflection        |       |       |       |     2 |       ||     2

Table legend: (Time is in decaauts)
 A = Elapsed time spent in this place.
 B = Non-inter-level travel time spent in this place.
 C = Inter-level travel time spent in this place.
 D = Time resting spent in this place.
 E = Time spent auto-exploring this place.
 F = Levels seen in this place.
 G = Mean time per level.
                   A        B        C        D        E       F      G
               +--------+--------+--------+--------+--------+-----+--------+
         Total |  19048 |  18617 |    431 |   5071 |   9666 |  19 | 1002.5 |
       Dungeon |  12506 |  12175 |    331 |   2486 |   7577 |  11 | 1136.9 |
        Temple |    162 |    137 |     25 |      0 |    125 |   1 |  162.0 |
          Lair |   2527 |   2454 |     73 |    381 |   1475 |   3 |  842.3 |
       Ossuary |    735 |    735 |      0 |    241 |      0 |   1 |  735.0 |
        Bailey |    662 |    662 |      0 |    246 |    218 |   1 |  662.0 |
      Ice Cave |   1581 |   1581 |      0 |   1111 |    198 |   1 | 1581.0 |
       Volcano |    872 |    872 |      0 |    606 |     73 |   1 |  872.0 |
               +--------+--------+--------+--------+--------+-----+--------+

Top non-repeatable levels by time:
     D:3: 1912 daAuts
   IceCv: 1581 daAuts
     D:8: 1317 daAuts
     D:5: 1294 daAuts
     D:1: 1290 daAuts
     D:7: 1287 daAuts
  Lair:2: 1282 daAuts
    D:10: 1259 daAuts
     D:9: 1220 daAuts
  Lair:1: 1133 daAuts
     D:6: 1026 daAuts
 Volcano: 872 daAuts
     D:2: 869 daAuts
 Ossuary: 735 daAuts
    D:11: 688 daAuts
